 Dungeon Crawl Stone Soup version 0.19.5 (webtiles) character file.

2447 kae the Basher (level 9, 44/79 HPs)
             Began as a Minotaur Fighter on Dec 14, 2017.
             Was a Follower of Okawaru.
             Quit the game on level 8 of the Dungeon.
             The game lasted 00:06:50 (6713 turns).

kae the Basher (Minotaur Fighter)                   Turns: 6713, Time: 00:06:51

Health: 44/79      AC: 16    Str: 22    XL:     9   Next: 25%
Magic:  9/9        EV:  9    Int:  7    God:    Okawaru [*.....]
Gold:   385        SH:  0    Dex: 10    Spells: 0 memorised, 8 levels left

rFire  . . .     SeeInvis .     w - +0 dire flail (flame)
rCold  . . .     Gourm    .     g - +1 plate armour (curse)
rNeg   . . .     Faith    .     (shield currently unavailable)
rPois  .         Spirit   .     (helmet restricted)
rElec  .         Reflect  .     (no cloak)
rCorr  .         Harm     .     y - +1 pair of gloves
MR     .....                    (no boots)
Stlth  ..........               (no amulet)
                                (no ring)
                                r - ring of stealth

@: seriously poisoned (44 -> 10)
A: retaliatory headbutt, horns 2
a: Heroism, Renounce Religion


You were on level 8 of the Dungeon.
You worshipped Okawaru.
Okawaru was aware of your devotion.
You were very hungry.

You visited 1 branch of the dungeon, and saw 8 of its levels.
You also visited: Ossuary.

You collected 407 gold pieces.
You spent 22 gold pieces at shops.

Inventory:

Hand Weapons
 a - a +0 flail
 w - a +0 dire flail of flaming (weapon)
Armour
 g - a cursed +1 plate armour (worn)
 y - a +1 pair of gloves (worn)
Jewellery
 r - a ring of stealth (left hand)
 A - an uncursed ring of protection from magic {unknown}
 B - an uncursed ring of protection from fire {unknown}
Wands
 p - a wand of heal wounds (6/9)
 v - a wand of polymorph (12/24)
Scrolls
 i - 6 scrolls of remove curse
 k - a scroll of noise
 n - a scroll of amnesia
 q - 2 scrolls of enchant armour
 t - a scroll of fog
 z - a scroll of teleportation
Potions
 b - a potion of flight {unknown}
 c - 4 potions of curing
 e - 2 potions of lignification
 h - 2 potions of beneficial mutation {unknown}
 l - a potion of cancellation {unknown}
 m - 2 potions of brilliance {unknown}
 s - 3 potions of heal wounds {unknown}
 x - 4 potions of haste
Books
 C - a book of Changes

   Spells                             Type                      Level
   a - Beastly Appendage              Transmutation                1
   b - Sticks to Snakes               Transmutation                2
   c - Spider Form                    Transmutation/Poison         3
   d - Ice Form                       Ice/Transmutation            4
   e - Blade Hands                    Transmutation                5
Comestibles
 f - 5 bread rations
 j - a beef jerky
 o - 4 meat rations
 u - 2 fruits


   Skills:
 + Level 7.5 Fighting
 * Level 9.4 Maces & Flails
 + Level 7.4 Armour
 + Level 6.1 Dodging
   Level 3.6 Shields
 + Level 2.0 Invocations


You had 8 spell levels left.
You didn't know any spells.

Dungeon Overview and Level Annotations

Branches:
Dungeon (8/15)             Temple (0/1) D:7            Lair (0/6) D:8

Altars:
Cheibriados
Dithmenos
Gozag
Makhleb
Okawaru
Qazlal
Yredelemnul
The Shining One

Shops:
D:6 =


Innate Abilities, Weirdness & Mutations

You reflexively headbutt those who attack you in melee.
You have a pair of horns on your head.


Message History

You miss the blink frog.
The blink frog is severely wounded.
You feel sick. The crocodile completely misses you.
The jelly hits you but does no damage. The spiny frog closely misses you.
You furiously retaliate!
You headbutt the spiny frog! The blink frog closely misses you.
Your plate armour prevents you from hitting the blink frog.
The blink frog is severely wounded.
You feel sick. The crocodile bites you! The spiny frog stings you.
You are more poisoned.
The spiny frog poisons you! The blink frog barely misses you.
The jelly hits you but does no damage.
You are too injured to fight recklessly!
You are too injured to fight recklessly!
You are too injured to fight recklessly!
You are too injured to fight recklessly!
You are too injured to fight recklessly!
You are too injured to fight recklessly!
You are too injured to fight recklessly!
Are you sure you want to abandon this character and quit the game? (Confirm with "yes".)

#.#............###
#.#.....###.#....#
#.......'.#.#....#
###.....#)#.#....#
###......#.#.#....#
...........#.#....#
.........###....###
......J..# ####.#
.....lt@.# #.#
......FFl# #.#
........## #.#
...>....# #.#######
........# #.......#
.....?..# #######.#
........# #...#
........# #.### #.#


You could see a spiny frog, a blink frog, a crocodile, an iguana, a jelly and a
leopard gecko.

Vanquished Creatures
  Sigmund (D:2)
  Eustachio (D:6)
  Edmund (D:4)
  An orc warrior (D:6)
  3 ogres
  A necrophage (D:4)
  2 bullfrogs
  4 scorpions
  2 crimson imps
  A hound (D:6)
  5 centaur zombies
  A jelly (D:8)
  5 orc priests
  A centaur skeleton (D:7)
  3 bullfrog skeletons
  5 orc wizards
  2 iguanas
  5 worker ants
  2 big kobold zombies (Ossuary)
  A hound zombie (D:7)
  A hound skeleton (D:7)
  4 mummies (Ossuary)
  Robin (D:2)
  7 gnolls
  9 adders
  An ooze (D:4)
  2 dart slugs (D:3)
  4 worms
  4 leopard geckos
  16 orcs
  2 ball pythons
  5 giant cockroaches
  13 goblins
  6 hobgoblins
  11 jackals
  5 kobolds
  6 quokkas
  10 bats
  6 frilled lizards
  2 hobgoblin zombies (Ossuary)
  A quokka skeleton (D:7)
  5 rats
168 creatures vanquished.

Notes
Turn   | Place    | Note
-------+----------+-------------------------------------------
     0 | D:1      | kae the Minotaur Fighter began the quest for the Orb.
     0 | D:1      | Reached XP level 1. HP: 19/19 MP: 0/0
   196 | D:1      | Reached XP level 2. HP: 19/27 MP: 1/1
   374 | D:1      | Reached skill level 1 in Dodging
   514 | D:2      | Reached skill level 3 in Maces & Flails
   542 | D:2      | Found an opulent altar of Gozag.
   549 | D:2      | Reached XP level 3. HP: 29/33 MP: 2/2
   683 | D:2      | Found a shadowy altar of Dithmenos.
   776 | D:2      | Reached XP level 4. HP: 40/40 MP: 3/3
   884 | D:2      | Found a basalt altar of Yredelemnul.
   885 | D:2      | Found a snail-covered altar of Cheibriados.
   885 | D:2      | Found a glowing golden altar of the Shining One.
   885 | D:2      | Found a burning altar of Makhleb.
   885 | D:2      | Noticed Robin
   920 | D:2      | Killed Robin
   969 | D:2      | Found an opulent altar of Gozag.
  1198 | D:2      | Reached skill level 4 in Maces & Flails
  1200 | D:2      | Noticed Sigmund
  1215 | D:2      | Killed Sigmund
  1215 | D:2      | Reached skill level 5 in Maces & Flails
  1215 | D:2      | Reached skill level 5 in Armour
  1215 | D:2      | Reached XP level 5. HP: 37/47 MP: 4/4
  1215 | D:2      | Reached XP level 6. HP: 43/55 MP: 5/5
  1276 | D:2      | Reached skill level 5 in Fighting
  2358 | D:4      | Found a stormy altar of Qazlal.
  2603 | D:4      | Reached XP level 7. HP: 15/61 MP: 6/6
  2833 | D:4      | Reached skill level 6 in Maces & Flails
  2913 | D:4      | Noticed Edmund
  2937 | D:4      | Killed Edmund
  3035 | D:4      | HP: 3/61 [ogre/giant club (21)]
  3446 | D:4      | Reached skill level 7 in Maces & Flails
  3581 | D:5      | Entered Level 5 of the Dungeon
  3716 | D:5      | Reached XP level 8. HP: 69/69 MP: 7/7
  3726 | D:5      | Found a sand-covered staircase.
  3730 | Ossuary  | Entered an ossuary
  4050 | D:5      | Reached skill level 5 in Dodging
  4628 | D:6      | Noticed Eustachio
  4639 | D:6      | Killed Eustachio
  4639 | D:6      | Reached skill level 8 in Maces & Flails
  4656 | D:6      | Found an iron altar of Okawaru.
  4660 | D:6      | Became a worshipper of Warmaster Okawaru
  4739 | D:6      | Found a stormy altar of Qazlal.
  5223 | D:6      | Found Okounioc's Jewellery Shop.
  5227 | D:6      | Bought a cursed amulet of inaccuracy for 22 gold pieces
  5334 | D:6      | Reached skill level 1 in Invocations
  5737 | D:6      | Reached XP level 9. HP: 79/79 MP: 8/8
  5957 | D:7      | Reached skill level 9 in Maces & Flails
  5984 | D:7      | Reached * piety under Okawaru
  6331 | D:7      | Found a staircase to the Ecumenical Temple.
  6701 | D:8      | Found a staircase to the Lair.
  6704 | D:8      | Noticed a spiny frog
  6713 | D:8      | Quit the game

Skill      XL: |  1  2  3  4  5  6  7  8  9 |
---------------+----------------------------+-----
Dodging        | 1 2 3 4 5 6 |  6.1
Maces & Flails | 3 5 7 8 9 |  9.4
Armour         | 4 5 6 7 |  7.4
Fighting       | 4 5 6 7 |  7.5
Invocations    | 1 2 |  2.0
Shields        | |  3.6

Action                   |  1- 3 |  4- 6 |  7- 9 || total
-------------------------+-------+-------+-------++-------
Melee: Flail             |    74 |   222 |    19 ||   315
       Headbutt          |    14 |    33 |    54 ||   101
       Dire flail        |       |       |   263 ||   263
  Use: Scroll            |     4 |     2 |     7 ||    13
       Potion            |       |       |     2 ||     2
  Eat: Chunk             |       |     6 |    12 ||    18
Armor: Scale mail        |    42 |       |       ||    42
       Plate armour      |     2 |   114 |   143 ||   259
Dodge: Dodged            |    32 |    32 |    79 ||   143
Block: Shield            |    52 |   106 |     9 ||   167
